 Dungeon Crawl Stone Soup version 0.22-a0-422-g9628fc8 (webtiles) character file.

1932 wjh11 the Cleaver (level 8, -9/74 HPs)
             Began as a Minotaur Berserker on May 20, 2018.
             Was an Elder of Trog.
             Killed from afar by a wight (19 damage)
             ... with an exploding inner flame
             ... hexed by the player character
             ... on level 6 of the Dungeon.
             The game lasted 00:07:10 (5110 turns).

wjh11 the Cleaver (Minotaur Berserker)              Turns: 5110, Time: 00:07:11

Health: -9/74      AC: 13    Str: 24    XL:     8   Next: 97%
Magic:  7/7        EV: 11    Int:  4    God:    Trog [****..]
Gold:   324        SH:  0    Dex: 10    Spells: 7/7 levels left

rFire    . . .     SeeInvis .   a - +1 hand axe
rCold    . . .     Gourm    .   (no shield)
rNeg     . . .     Faith    .   j - +0 ring mail
rPois    .         Spirit   .   (helmet restricted)
rElec    .         Reflect  .   r - +0 cloak
rCorr    .         Harm     .   t - +0 pair of gloves
MR       .....                  e - +0 pair of boots
Stlth    ..........             (no amulet)
HPRegen  0.22/turn              (no ring)
MPRegen  0.10/turn              p - +3 ring of protection

@: vulnerable, berserk cooldown, slowed, drained, very slow
A: retaliatory headbutt, horns 2
a: Berserk, Trog's Hand, Brothers in Arms, Renounce Religion


You were on level 6 of the Dungeon.
You worshipped Trog.
Trog was greatly pleased with you.
You were very hungry.

You visited 1 branch of the dungeon, and saw 6 of its levels.

You collected 324 gold pieces.

Inventory:

Hand Weapons
 a - a +1 hand axe (weapon)
Armour
 e - a +0 pair of boots (worn)
 j - a +0 ring mail (worn)
 r - a +0 cloak (worn)
 t - a +0 pair of gloves (worn)
Jewellery
 h - an uncursed ring of flight
 p - a +3 ring of protection (right hand)
Wands
 s - a wand of disintegration (13)
Scrolls
 b - a scroll of fog
 m - 3 scrolls of identify
 o - 3 scrolls of magic mapping
 q - a scroll of teleportation {unknown}
 w - a scroll of vulnerability
Potions
 d - 2 potions of resistance {unknown}
 g - 3 potions of berserk rage {unknown}
 k - 3 potions of curing {unknown}
 u - a potion of lignification {unknown}
 v - a potion of degeneration {unknown}
 x - a potion of heal wounds {unknown}
 z - a potion of brilliance {unknown}
Comestibles
 c - 11 rations


   Skills:
 + Level 7.9(6.9) Fighting
 * Level 10.4(9.4) Axes
 + Level 7.3(6.3) Armour
 - Level 2.1(1.3) Dodging


You had 7 spell levels left.
You didn't know any spells.
Your spell library was empty.

Dungeon Overview and Level Annotations

Branches:
Dungeon (6/15)             Temple (0/1) D:5

Altars:
Ashenzari
Hepliaklqana
Nemelex Xobeh
Qazlal
Wu Jian


Innate Abilities, Weirdness & Mutations

You reflexively headbutt those who attack you in melee.
You have a pair of horns on your head.


Message History

An orc comes into view.
As you read the scroll labeled QOCKEA NEDUMP, it crumbles to dust.
You hear a loud clanging noise!
It was a scroll of noise.
The orc shouts!
The wight hits you but does no damage. The wight closely misses you.
The crimson imp barely misses you. The wight closely misses you.
The adder zombie misses you.
The wight hits you with an enchanted war axe!
* * * LOW HITPOINT WARNING * * *
You feel drained.
* * * LOW HITPOINT WARNING * * *
The crimson imp blinks!
The wight misses you. The wight barely misses you.
The crimson imp hits you but does no damage.
You hit the crimson imp but do no damage.
Your headbutt misses the crimson imp. You closely miss the wight.
You barely miss the wight. You slash the wight!
The wight explodes!
The fiery explosion engulfs you!
You die...

......#.....)..#
5.......#.....(..#
......).#........# ..s.
...........####
#.###.##.#........#
#####§o#...#.#........# .
#.§§....5..#+#........#
....#.§{§§zz..............#
..zZz.§.o§§@5.............#
.....§§§.§zZ...........=..#
..........................#
.................#........#
.....#....##.>...#........#
.....#....##.....##########
#... #######.....# #...
#.....# ##+##.#


You could see a scorpion, 3 wights, 2 crimson imps, a shadow imp, 2 orcs and an
adder zombie (inner flame).

Vanquished Creatures
  The ghost of wjh11 the Chopper, a novice MiBe of Trog (D:5)
  Grinder (D:5)
  Sigmund (D:5)
  The ghost of SiltSlayer the Skirmisher, an amateur HOBe of Trog (D:3)
  An ice beast (D:5)
  A sky beast (D:5)
  An ogre (D:4)
  A centaur (D:6)
  Blork the orc (D:6)
  A gnoll sergeant (D:6)
  A bullfrog (D:6)
  2 scorpions (D:4)
  A crimson imp (D:2)
  An orc priest (D:6)
  An iguana (D:5)
  Ijyb (D:3)
  3 worker ants
  Natasha (twice) (D:4)
  A hound zombie (D:5)
  5 gnolls (D:6)
  7 adders
  An ooze (D:3)
  2 adder skeletons
  A worm (D:6)
  3 dart slugs (D:1)
  9 orcs
  5 giant cockroaches
  8 goblins
  13 hobgoblins
  8 jackals
  7 quokkas
  8 bats
  7 frilled lizards
  8 kobolds
  3 rats
118 creatures vanquished.

Notes
Turn   | Place    | Note
-------+----------+-------------------------------------------
     0 | D:1      | wjh11 the Minotaur Berserker began the quest for the Orb.
     0 | D:1      | Reached XP level 1. HP: 19/19 MP: 0/0
   501 | D:1      | Reached skill level 4 in Axes
   514 | D:1      | Reached XP level 2. HP: 25/27 MP: 1/1
   858 | D:1      | Reached XP level 3. HP: 27/33 MP: 2/2
   960 | D:1      | Found a shattered altar of Ashenzari.
  1108 | D:2      | Reached ** piety under Trog
  1362 | D:2      | Reached skill level 5 in Axes
  1362 | D:2      | Reached XP level 4. HP: 40/41 MP: 3/3
  1885 | D:3      | Noticed SiltSlayer's ghost (amateur HOBe)
  1893 | D:3      | Killed SiltSlayer's ghost
  1893 | D:3      | Reached skill level 5 in Fighting
  1893 | D:3      | Reached skill level 6 in Axes
  1893 | D:3      | Reached XP level 5. HP: 48/48 MP: 4/4
  2142 | D:3      | Reached XP level 6. HP: 56/56 MP: 5/5
  2388 | D:3      | Reached *** piety under Trog
  2545 | D:3      | Noticed Ijyb
  2556 | D:3      | Killed Ijyb
  2836 | D:4      | Noticed Natasha
  2841 | D:4      | Killed Natasha
  2894 | D:4      | Reached skill level 7 in Axes
  2969 | D:4      | Noticed Natasha
  2974 | D:4      | Killed Natasha
  3176 | D:4      | Found a stormy altar of Qazlal.
  3250 | D:4      | Found a hazy altar of Hepliaklqana.
  3333 | D:4      | Reached skill level 5 in Armour
  3333 | D:4      | Reached XP level 7. HP: 29/62 MP: 6/6
  3771 | D:5      | Entered Level 5 of the Dungeon
  3782 | D:5      | Found a staircase to the Ecumenical Temple.
  3809 | D:5      | Noticed Sigmund
  3810 | D:5      | Found an ornate altar of the Wu Jian Council.
  3820 | D:5      | Killed Sigmund
  3820 | D:5      | Reached skill level 8 in Axes
  4087 | D:5      | Noticed wjh11's ghost (novice MiBe)
  4104 | D:5      | Killed wjh11's ghost
  4104 | D:5      | Reached skill level 9 in Axes
  4104 | D:5      | Reached XP level 8. HP: 71/71 MP: 7/7
  4187 | D:5      | Noticed Grinder
  4193 | D:5      | Paralysed by Grinder for 7 turns
  4206 | D:5      | Killed Grinder
  4333 | D:5      | Found a sparkling altar of Nemelex Xobeh.
  4959 | D:6      | Reached skill level 10 in Axes
  4969 | D:6      | Noticed Blork the orc
  4980 | D:6      | Killed Blork the orc
  5090 | D:6      | Reached **** piety under Trog
  5110 | D:6      | Killed from afar by a wight

Vault maps used:
D:1:      saegor_arrival_simple_c, nrook_mini_backslash, evilmike_ruin_ashenzari
D:3:      first_ration, corexii_shack, st_stairs_1, kennysheep_generic_room_5,
          uniq_ijyb
D:4:      overflow_temple_1_default, lemuel_round_altar, uniq_natasha
D:5:      old_standard_altar, minmay_temple_entry_grid, glass_columns_c,
          nemelex_xobeh_ov_fountains_minmay, uniq_sigmund, uniq_grinder
D:6:      minitemple, ldierk_geyser, uniq_blork_the_orc

Skill      XL: |  1  2  3  4  5  6  7  8 |
---------------+-------------------------+-----
Axes           | 4 5 6 7 9 10 | 10.4
Fighting       | 4 5 6 7 |  7.9
Armour         | 3 4 5 6 7 |  7.3
Dodging        | |  2.1

Action                   |  1- 3 |  4- 6 |  7- 9 || total
-------------------------+-------+-------+-------++-------
Melee: Hand axe          |    75 |   111 |   117 ||   303
       Headbutt          |    12 |    19 |    15 ||    46
Invok: Berserk           |       |     2 |     4 ||     6
  Use: Scroll            |       |     2 |     6 ||     8
  Eat: Chunk             |     1 |     7 |     3 ||    11
       Ration            |       |       |     2 ||     2
Armor: Animal skin       |    11 |       |       ||    11
       Ring mail         |    17 |    30 |    63 ||   110
Dodge: Dodged            |    52 |    53 |    61 ||   166

Table legend:
 A = Spawn XP
 B = Non-spawn XP
 C = Spawn XP percentage of total XP
 D = Spawn monster count
 E = Non-spawn monster count
 F = Spawn count percentage of total count
 G = Total turns spent on level
                    A         B        C        D         E        F      G
               +---------+---------+-------+---------+---------+-------+---------
         Total |       0 |    2761 |   0.0 |       0 |     118 |   0.0 |  5110
               +---------+---------+-------+---------+---------+-------+---------
           D:1 |       0 |      48 |   0.0 |       0 |      26 |   0.0 |  1103
           D:2 |       0 |     120 |   0.0 |       0 |      28 |   0.0 |   782
           D:3 |       0 |     278 |   0.0 |       0 |      20 |   0.0 |   850
           D:4 |       0 |     386 |   0.0 |       0 |      11 |   0.0 |  1036
           D:5 |       0 |    1405 |   0.0 |       0 |      18 |   0.0 |  1137
           D:6 |       0 |     524 |   0.0 |       0 |      15 |   0.0 |   202
               +---------+---------+-------+---------+---------+-------+---------
